Match 46209824
Unlisted

Match 46209824
End
Kettenkrad Recon Vehicle
Construct Infanterie Kompanie
Selects Luftwaffe Battlegroup
Selects Luftwaffe Pioneer Support
MG 42 Machine Gun Team
Grenadier Squad
Grenadier Squad
Grenadier Squad
Construct Luftwaffe Kompanie
221 Scout Car
Flak 30 Anti-aircraft Gun Team
Medical Station
Jäger Squad
Selects LG40 Recoilless Gun Paradrop
Jäger Squad
Construct Panzer Kompanie
Pioneer Squad
Panzer IV Medium Tank
Selects Reconnaissance Run
Selects Fallschirmjäger Squad Paradrop
Selects Stuka Loiter
Selects Infantry Reserves
Stoßtruppen Squad
Panzer IV Medium Tank
Panzer IV Medium Tank
Tommo [KSK]
GloriousBastard
0
0

Comments sign in to comment!

No comments posted yet!